 Dungeon Sprint DCSS version 0.17-a0-1248-g117de50 (webtiles) character file.

872 Kidiri the Covert (level 7, -4/39 HPs)
             Began as a Spriggan Assassin on June 5, 2015.
             Slain by a tentacle (24 damage)
             ... attached to a kraken
             ... in the Dungeon (Sprint II: "The Violet Keep of Menkaure").
             The game lasted 00:04:46 (489 turns).

Kidiri the Covert (Spriggan Assassin)                Turns: 489, Time: 00:04:46

Health: -4/39      AC:  3    Str:  7    XL:     7   Next: 74%
Magic:  8/8        EV: 30    Int: 12    God:
Gold:   729        SH:  0    Dex: 20    Spells: 0 memorised, 6 levels left

rFire  . . .     SeeInvis +     b - +0 blowgun
rCold  . . .     Clarity  .     c - +0 robe
rNeg   . . .     SustAt   .     (shield restricted)
rPois  .         Gourm    .     (helmet restricted)
rElec  .         Spirit   .     d - +0 cloak
rCorr  .         Warding  .     (gloves unavailable)
rMut   .         NoTele   +     (boots unavailable)
MR     +....                    (no amulet)
Stlth  +++++++...               (no ring)
                                (no ring)

@: very quick, somewhat resistant to hostile enchantments, extremely stealthy
A: unfitting armour, see invisible, herbivore 3, speed 3, slow metabolism 2
a: no special abilities


You were in the Dungeon.
You were not hungry.

You visited 1 branch You collected 729 gold pieces.

Inventory:

Hand weapons
 a - a +2 dagger
 b - a +0 blowgun (weapon)
Missiles
 e - 3 poisoned needles (quivered)
Armour
 c - a +0 robe (worn)
 d - a +0 cloak (worn)
Scrolls
 m - a scroll of blinking
Potions
 k - 2 potions of magic
 l - a potion of berserk rage
Comestibles
 g - a bread ration
 i - 6 chunks of flesh


   Skills:
 + Level 5.1 Fighting
 * Level 9.6 Short Blades
 + Level 6.8 Throwing
 * Level 12.0 Dodging
 * Level 13.9 Stealth


You had 6 spell levels left.
You didn't know any spells.

Dungeon Overview and Level Annotations

Branches:
Dungeon (1/1)

Altars:


Innate Abilities, Weirdness & Mutations

You are tiny and cannot use many weapons and most armour.
You have supernaturally acute eyesight.
You are a herbivore.
You cover ground extremely quickly.
You need consume almost no food.


Message History

Tentacles burst out of the water!
Firing (i - inventory):
e - 5 poisoned needles (quivered)
Press: ? - help, Shift-Dir - straight line, f/p - kraken
Aim: a kraken (water, severely wounded, poisoned)
You shoot a poisoned needle. The poisoned needle hits the kraken!
The kraken looks even sicker.
The kraken is severely wounded.
You hear a splash.
Tentacles burst out of the water!
Firing (i - inventory):
e - 4 poisoned needles (quivered)
Press: ? - help, Shift-Dir - straight line, f/p - kraken
Aim: a kraken (water, severely wounded, poisoned)
You shoot a poisoned needle. The poisoned needle hits the tentacle!
The tentacle is poisoned.
The kraken squirts a massive cloud of ink into the water!
The tentacle misses you. The tentacle completely misses you.
The tentacle slaps you!!
Ouch! That really hurt!
You die... ####+#### ##.§..§§§## ##.§§§§§§.§## +.§§§§§.§§..# .§§zzz§§. # zzzz§

###≈≈#+++#+++##
##≈≈≈..**.*w..#
.#≈≈≈§X##*##@.#
.#≈≈≈w##.####.#
.#≈≈≈≈#.##..#....#
.#≈≈####.%.####..#
.#(##.###'###.##..#
.#≈#.#.##.##...#..#
.+ +###'.<.'.##+ .#
#.#.##.##...# .
##.###+###.## ..


You could see a tentacle and 2 flying skulls.

Vanquished Creatures
  2 hippogriffs (D)
  4 necrophages (D)
  4 brain worms (D)
10 creatures vanquished.

Vanquished Creatures (others)
  15 tentacles (D)
  82 tentacle segments (D)
97 creatures vanquished.

Grand Total: 107 creatures vanquished

Notes
Turn   | Place    | Note
--------------------------------------------------------------
     0 | D        | Kidiri the Spriggan Assassin began the quest for the Orb.
     0 | D        | Reached XP level 1. HP: 10/10 MP: 2/2
     1 | D        | Noticed a boulder beetle
     1 | D        | Noticed a boulder beetle
     5 | D        | Noticed a necrophage
     5 | D        | Noticed a necrophage
     5 | D        | Noticed a necrophage
     5 | D        | Noticed a necrophage
    19 | D        | Killed a necrophage
    19 | D        | Reached skill level 6 in Dodging
    19 | D        | Reached skill level 8 in Stealth
    19 | D        | Reached XP level 2. HP: 6/14 MP: 3/3
    19 | D        | Reached XP level 3. HP: 7/17 MP: 4/4
    19 | D        | Reached XP level 4. HP: 8/21 MP: 5/5
    42 | D        | Killed a necrophage
    42 | D        | Reached skill level 10 in Stealth
    42 | D        | Reached XP level 5. HP: 22/28 MP: 6/6
    63 | D        | Killed a necrophage
    63 | D        | Reached skill level 5 in Throwing
    63 | D        | Reached skill level 11 in Stealth
    81 | D        | Killed a necrophage
    81 | D        | Reached XP level 6. HP: 22/33 MP: 7/7
   191 | D        | Noticed a brain worm
   191 | D        | Noticed a brain worm
   191 | D        | Noticed a brain worm
   191 | D        | Noticed a brain worm
   193 | D        | Killed a brain worm
   193 | D        | Reached skill level 10 in Dodging
   193 | D        | Reached skill level 12 in Stealth
   195 | D        | Killed a brain worm
   197 | D        | Killed a brain worm
   197 | D        | Reached XP level 7. HP: 36/38 MP: 8/8
   205 | D        | Killed a brain worm
   205 | D        | Reached skill level 13 in Stealth
   224 | D        | Noticed a hippogriff
   224 | D        | Noticed a hippogriff
   227 | D        | Killed a hippogriff
   227 | D        | Reached skill level 5 in Fighting
   252 | D        | Killed a hippogriff
   444 | D        | Noticed a flying skull
   444 | D        | Noticed a flying skull
   444 | D        | Noticed a flying skull
   444 | D        | Noticed a flying skull
   444 | D        | Noticed a flying skull
   445 | D        | Noticed a flying skull
   445 | D        | Noticed a flying skull
   446 | D        | Noticed a flying skull
   446 | D        | Noticed a flying skull
   446 | D        | Noticed a kraken
   453 | D        | Noticed a flying skull
   453 | D        | Noticed a flying skull
   453 | D        | Noticed a flying skull
   489 | D        | Slain by a tentacle

Vault maps used:
D:        the_violet_keep_of_menkaure

Action                   |  1- 3 |  4- 6 |  7- 9 || total
-------------------------+-------+-------+-------++-------
Melee: Dagger            |    13 |    63 |    18 ||    94
 Fire: Blowgun           |       |       |    13 ||    13
  Use: Potion            |     1 |     1 |     1 ||     3
 Stab: Sleeping          |       |     3 |     2 ||     5
